 Dungeon Crawl Stone Soup version 0.30.1-11-g7821555f0a (webtiles) character file.

Game seed: 4306837451569900085

31554 VictoriousLee the Thaumaturge (level 13, -4/102 HPs)
             Began as a Demonspawn Necromancer on Dec 7, 2023.
             Was an Elder of Kikubaaqudgha.
             Slain by a fire elemental (12 damage)
             ... on level 5 of the Lair of Beasts on Dec 27, 2023.
             The game lasted 02:41:41 (16447 turns).

VictoriousLee the Thaumaturge (DsNe)               Turns: 16447, Time: 02:41:41

Health: -4/102     AC: 12    Str:  8    XL:     13   Next: 26%
Magic:  23/28      EV: 12    Int: 24    God:    Kikubaaqudgha [****..]
Gold:   955        SH:  0    Dex: 14    Spells: 8/34 levels left

rFire   . . .        S - +10 hand axe "Haiji" {freeze, Contam rC+ rN+ Int+2}
rCold   + . .        (no shield)
rNeg    + . .        a - +0 robe
rPois   .            B - +2 hat
rElec   .            h - +2 cloak
rCorr   .            (no gloves)
SInv    .            v - +2 pair of boots {Stlth+}
Will    +....        f - amulet of regeneration
Stlth   +++          I - +4 ring of slaying
HPRegen 1.17/turn    K - ring of willpower
MPRegen 0.21/turn

%: no passive effects
@: death channelling
A: claws 2, rugged brown scales 2, foul stench 2, demonic magic 1
a: Renounce Religion, Unearth Wretches


You were on level 5 of the Lair of Beasts.
You worshipped Kikubaaqudgha.
Kikubaaqudgha was greatly pleased with you.
You visited 3 branches of the dungeon, and saw 17 of its levels.
You also visited: Ossuary and Volcano.

You collected 955 gold pieces.

Inventory:

Hand Weapons
 C - a +2 falchion of protection
 P - a +9 scimitar
 S - the +10 hand axe "Haiji" (weapon) {freeze, Contam rC+ rN+ Int+2}
   (You found it on level 10 of the Dungeon)

   Int:       It affects your intelligence (+2).
   rC:        It protects you from cold.
   rN:        It protects you from negative energy.
   Contam:    It causes magical contamination when unequipped.
Missiles
 w - 4 javelins
 E - 3 throwing nets
 G - 16 poisoned darts
 J - 4 boomerangs
Armour
 a - a +0 robe (worn)
 h - a +2 cloak (worn)
 v - a +2 pair of boots of stealth (worn)
 B - a +2 hat (worn)
 V - a +0 ring mail of poison resistance
Jewellery
 f - an amulet of regeneration (around neck)
 j - a +5 ring of evasion
 I - a +4 ring of slaying (left claw)
 K - a ring of willpower (right claw)
 L - a ring of flight
 O - a +6 ring of strength
 R - a ring of resist corrosion
 U - an amulet of reflection
Wands
 n - a wand of iceblast (15)
 y - a wand of digging (9)
 A - a wand of charming (16)
 T - a wand of mindburst (13)
 W - a wand of flame (18)
Scrolls
 k - a scroll of silence
 r - 8 scrolls of teleportation
 s - 3 scrolls of fear
 z - 2 scrolls of magic mapping
Potions
 b - 3 potions of magic
 c - 4 potions of haste
 l - 2 potions of attraction
 m - 5 potions of curing
 u - a potion of mutation
 D - 5 potions of invisibility
 F - 5 potions of ambrosia
 H - a potion of lignification
 Q - a potion of berserk rage
 X - a potion of flight
 Y - a potion of brilliance


   Skills:
 - Level 8.0 Fighting
 + Level 11.0 Axes
 - Level 1.7 Dodging
 - Level 1.7 Stealth
 - Level 11.4 Spellcasting
 - Level 11.0 Necromancy
 - Level 9.0 Earth Magic


You had 8 spell levels left.
You knew the following spells:

 Your Spells              Type           Power      Damage    Failure   Level
a - Animate Dead          Necr           61%        N/A       1%          4
c - Borgnjor's Vile Clut  Necr/Erth      28%        N/A       1%          5
d - Death Channel         Necr           30%        N/A       8%          6
n - Necrotise             Necr           100%       1d9       1%          1
p - Passwall              Tmut/Erth      29%        N/A       1%          2
v - Vampiric Draining     Necr           61%        2d10      1%          3
z - Agony                 Necr           61%        N/A       1%          5

Your spell library contained the following spells:

 Spells                   Type           Power      Damage    Failure   Level
 Kiss of Death            Conj/Necr      100%       2d13      1%          1
 Cigotuvi's Dreadful Rot  Necr/Pois/Air  62%        N/A       1%          2
 Apportation              Tloc           26%        N/A       4%          1
 Slow                     Hex            52%        N/A       4%          1
 Summon Small Mammal      Summ           52%        N/A       4%          1
 Anguish                  Hex/Necr       20%        N/A       4%          4
 Ensorcelled Hibernation  Hex/Ice        26%        N/A       7%          2
 Poisonous Vapours        Pois/Air       26%        N/A       7%          2
 Confusing Touch          Hex            13%        N/A       14%         3
 Hailstorm                Conj/Ice       13%        3d5       14%         3
 Mephitic Cloud           Conj/Pois/Air  13%        N/A       14%         3
 Swiftness                Air            13%        N/A       14%         3
 Cause Fear               Hex            6%         N/A       41%         4
 Ice Form                 Ice/Tmut       13%        N/A       41%         4
 Summon Ice Beast         Ice/Summ       13%        N/A       41%         4
 Simulacrum               Ice/Necr       20%        N/A       58%         6
 Freezing Cloud           Conj/Ice/Air   6%         6-21      77%         5
 Summon Mana Viper        Hex/Summ       13%        N/A       77%         5
 Enfeeble                 Hex            6%         N/A       100%        7
 Monstrous Menagerie      Summ           6%         N/A       100%        7


Dungeon Overview and Level Annotations

Branches:
Dungeon (11/15)            Temple (1/1) D:4            Lair (5/5) D:11
  Swamp (0/4) Lair:2        Snake (0/4) Lair:2      Ossuary (visited)
Volcano (visited)
  Slime: Lair:4-5       Orc: D:9-12

Altars:
Ashenzari
Cheibriados
Dithmenos
Fedhas
Gozag
Hepliaklqana
Kikubaaqudgha
Makhleb
Nemelex Xobeh
Okawaru
Qazlal
Ru
Sif Muna
Trog
Uskayaw
Vehumet
Wu Jian
Xom
Yredelemnul

Shops:
D:6 (

Annotations:
D:11 1 runed translucent door, cowcol's ghost, journeyman MiFi


Innate Abilities, Weirdness & Mutations

You have very sharp fingernails.
You are mostly covered in rugged brown scales. (AC +2, +5% HP)
You sometimes emit foul miasma when damaged in melee.
Spells you cast may paralyse adjacent enemies.


Message History

The efreet gestures at you.
The bolt of fire misses the fire elemental.
The bolt of fire hits you!! The fire elemental barely misses you.
You closely miss the fire elemental.
The fire elemental is heavily damaged.
The fire elemental hits you. The fire elemental burns you!
The efreet attacks as you move away! The efreet hits you but does no damage.
You slash the fire elemental! You freeze the fire elemental.
The fire elemental is almost destroyed.
The fire elemental hits you. The fire elemental burns you!
* * * LOW HITPOINT WARNING * * *
You closely miss the fire elemental.
The fire elemental is almost destroyed.
You slash the efreet! You freeze the efreet. The fire elemental hits you.
The fire elemental burns you!
* * * LOW HITPOINT WARNING * * *
The efreet hits you with a +4 scimitar of flaming.
* * * LOW HITPOINT WARNING * * *
The efreet burns you.
* * * LOW HITPOINT WARNING * * *
You closely miss the fire elemental.
The fire elemental is almost destroyed.
You hit the efreet but do no damage. The fire elemental hits you.
The fire elemental burns you!
* * * LOW HITPOINT WARNING * * *
Okay, then.
As you read the scroll of fear, it crumbles to dust.
You assume a fearsome visage.
The fire elemental is unaffected.
The efreet looks frightened!
The fire elemental hits you. The fire elemental burns you!
* * * LOW HITPOINT WARNING * * *
You hit the fire elemental but do no damage.
The fire elemental is almost destroyed.
The fire elemental closely misses you.
The efreet cries, "Mercy!"
You miss the fire elemental.
The fire elemental is almost destroyed.
The fire elemental hits you. The fire elemental burns you!
You die...
Kikubaaqudgha rasps: "You have failed me!
Welcome... death!"

###### ##§§R§# #§§§E§####
#§###@.#.# *##*** ***** #§#
#...########.##.*
*,*,**###§###.†.#PPP.P......#*
**,,,,#..○○.#.................
**,*##..R○.##................
*,,,#...†9..#................
**,,###..○○.###...............
**,,,#....°....#...............
*,,,,#...°.....#...............


You could see an efreet (fleeing) and a fire elemental.

Vanquished Creatures
  A catoblepas (Lair:3)
  3 death yaks
  A two-headed ogre (D:11)
  Amaemon (D:8)
  An ugly thing (D:11)
  Joseph (D:8)
  2 black mambas
  A gargoyle (D:11)
  An orange demon (D:7)
  3 elephants (Lair:1)
  2 unseen horrors
  6 cane toads
  2 torpor snails
  2 komodo dragons (Lair:1)
  2 trolls
  A hornet (D:9)
  A polar bear (Lair:2)
  3 blink frogs
  A dream sheep (Lair:2)
  3 shadows
  3 wyverns
  11 yaks
  A fire elemental (Lair:5)
  A steam dragon (D:8)
  Grum (D:8)
  Duvessa (D:6)
  7 water moccasins
  A swamp drake (Lair:2)
  3 orc warriors
  2 ice beasts
  5 black bears
  An ogre (D:5)
  10 wolves
  9 centaurs
  A phantom (D:6)
  A kobold brigand (D:10)
  6 bullfrogs
  8 wights (D:8)
  5 killer bees (D:7)
  2 howler monkeys (D:9)
  An electric eel (Lair:3)
  2 human zombies (Ossuary)
  2 jellies (D:6)
  4 hounds
  3 orc priests (D:8)
  6 iguanas
  A sleepcap (D:5)
  9 orc wizards
  Natasha (thrice) (D:4)
  A mummy (Ossuary)
  4 adders
  7 gnolls
  A shadow imp (D:6)
  An ufetubus (D:5)
  An adder zombie (Ossuary)
  A worm (D:4)
  5 dart slugs
  23 orcs
  3 bats (D:1)
  7 endoplasms
  2 giant cockroaches
  3 goblins
  2 hobgoblins
  2 jackals (D:1)
  16 kobolds
  5 quokkas
  6 ball pythons
  3 frilled lizards
  A goblin zombie (Ossuary)
  12 hobgoblin zombies (Ossuary)
  A jackal zombie (Ossuary)
  11 kobold zombies (Ossuary)
  3 orc zombies (Ossuary)
  7 rats
  A rat zombie (Ossuary)
  A butterfly (D:11)
278 creatures vanquished.

Vanquished Creatures (collateral kills)
  A catoblepas (Lair:2)
  4 death yaks
  Urug (Lair:1)
  A salamander (Lair:2)
  3 elephants
  3 black mambas
  5 cane toads
  3 rime drakes
  9 blink frogs
  A dream sheep (Lair:2)
  A vampire (D:10)
  A yak (Lair:2)
  2 basilisks
  2 fire bats (Lair:5)
  3 water moccasins (Lair:2)
  6 wolves
  A centaur (D:10)
  4 bullfrogs
  Dowan (D:6)
  An iguana (Lair:2)
  A gnoll (D:7)
  4 orcs
  2 goblins (D:1)
  A butterfly (D:11)
61 creatures vanquished.

Vanquished Creatures (others)
  A tengu warrior (D:6)
  2 cyclopes (D:11)
  An ogre (D:7)
  A blink frog zombie (Lair:2)
  2 wyvern zombies
  A water moccasin zombie (Lair:2)
  A troll zombie (D:10)
  8 wolf zombies
  2 bullfrog zombies (Lair:1)
  3 centaur zombies (D:11)
  A black bear zombie (D:11)
  An orc (D:7)
  A hobgoblin (D:7)
  A ball python (D:7)
  3 orc zombies (D:11)
29 creatures vanquished.

Grand Total: 368 creatures vanquished

Notes
Turn   | Place    | Note
-------+----------+-------------------------------------------
     0 | D:1      | VictoriousLee the Demonspawn Necromancer began the quest
                  | for the Orb.
     0 | D:1      | Reached XP level 1. HP: 13/13 MP: 3/3
   182 | D:1      | Gained mutation: You may rarely emit foul miasma when
                  | damaged in melee. [demonic ancestry]
   182 | D:1      | Reached XP level 2. HP: 18/19 MP: 0/5
   193 | D:1      | Reached skill level 5 in Necromancy
   788 | D:2      | Reached XP level 3. HP: 21/24 MP: 1/6
  1220 | D:2      | Learned a level 3 spell: Vampiric Draining
  2254 | D:3      | Found an opulent altar of Gozag.
  2445 | D:3      | Gained mutation: You are partially covered in rugged brown
                  | scales. (AC +1, +3% HP) [demonic ancestry]
  2445 | D:3      | Reached XP level 4. HP: 24/30 MP: 5/7
  3139 | D:4      | Found a sand-covered staircase.
  3143 | Ossuary  | Entered an ossuary
  3680 | Ossuary  | Gained mutation: You sometimes emit foul miasma when
                  | damaged in melee. [demonic ancestry]
  3680 | Ossuary  | Reached XP level 5. HP: 8/36 MP: 8/10
  4438 | D:4      | Noticed Natasha
  4468 | D:4      | Killed Natasha
  4599 | D:4      | Found a staircase to the Ecumenical Temple.
  4608 | Temple   | Entered the Ecumenical Temple
  4831 | Temple   | Became a worshipper of Kikubaaqudgha
  4849 | D:4      | Gained mutation: Spells you cast may paralyse adjacent
                  | enemies. [demonic ancestry]
  4849 | D:4      | Reached XP level 6. HP: 42/42 MP: 8/12
  4859 | D:4      | Noticed Natasha
  4863 | D:4      | Killed Natasha
  5207 | D:4      | Noticed Natasha
  5209 | D:4      | Killed Natasha
  5289 | D:5      | Entered Level 5 of the Dungeon
  5487 | D:5      | Reached XP level 7. HP: 47/47 MP: 1/13
  6216 | D:6      | Found Muarruyr's Weapon Emporium.
  6429 | D:6      | Reached * piety under Kikubaaqudgha
  6429 | D:6      | Received a gift from Kikubaaqudgha
  6488 | D:6      | Reached skill level 10 in Necromancy
  6506 | D:6      | Gained mutation: You have sharp fingernails. [demonic
                  | ancestry]
  6506 | D:6      | Reached XP level 8. HP: 53/53 MP: 11/14
  6738 | D:6      | Noticed Duvessa
  6738 | D:6      | Noticed Dowan
  6745 | D:6      | Killed Duvessa
  6751 | D:6      | Killed Dowan
  7152 | D:6      | Learned a level 4 spell: Animate Dead
  7158 | D:6      | Learned a level 5 spell: Borgnjor's Vile Clutch
  7869 | D:7      | Reached skill level 5 in Earth Magic
  8173 | D:7      | Gained mutation: You have very sharp fingernails. [demonic
                  | ancestry]
  8173 | D:7      | Reached XP level 9. HP: 58/58 MP: 9/15
  8696 | D:8      | Noticed Amaemon
  8696 | D:8      | Noticed an orange demon
  8704 | D:7      | Killed an orange demon
  9213 | D:8      | Killed Amaemon
  9214 | D:8      | Reached skill level 5 in Spellcasting
  9315 | D:8      | Learned a level 2 spell: Passwall
  9356 | D:8      | Noticed Grum
  9365 | D:8      | Reached skill level 1 in Fighting
  9365 | D:8      | Killed Grum
  9385 | D:8      | Noticed Joseph
  9392 | D:8      | Killed Joseph
  9393 | D:8      | Reached XP level 10. HP: 50/72 MP: 11/17
  9646 | D:8      | Reached skill level 5 in Fighting
 10733 | D:9      | Learned a level 5 spell: Agony
 10922 | D:10     | Entered Level 10 of the Dungeon
 10972 | D:10     | Identified the +10 hand axe "Haiji" {freeze, Contam rC+ rN+
                  | Int+2}
 11850 | D:10     | Reached ** piety under Kikubaaqudgha
 12237 | D:11     | Noticed an elephant
 12240 | D:11     | Found a staircase to the Lair.
 12247 | D:11     | Killed an elephant
 12248 | D:11     | Reached XP level 11. HP: 76/88 MP: 3/20
 12335 | D:11     | Noticed a two-headed ogre
 12340 | D:11     | Killed a two-headed ogre
 12877 | D:11     | Noticed a cyan ugly thing
 12892 | D:11     | Killed a cyan ugly thing
 13044 | D:11     | Found a runed translucent door.
 13047 | D:11     | Noticed cowcol's ghost (journeyman MiFi)
 13210 | D:11     | Identified the +8 trident of Unpleasantness {flame, Int+3}
 13300 | D:11     | Learned a level 6 spell: Death Channel
 13304 | Lair:1   | Entered Level 1 of the Lair of Beasts
 13687 | Lair:1   | Noticed Urug
 13701 | Lair:1   | Reached skill level 10 in Spellcasting
 13701 | Lair:1   | HP: 2/88 [Urug/javelin (9)]
 13708 | Lair:1   | Killed Urug
 13906 | Lair:1   | Gained mutation: You are mostly covered in rugged brown
                  | scales. (AC +2, +5% HP) [demonic ancestry]
 13906 | Lair:1   | Reached XP level 12. HP: 76/96 MP: 21/27
 14382 | Lair:2   | Reached skill level 1 in Axes
 14523 | Lair:2   | Found a staircase to the Snake Pit.
 14691 | Lair:2   | Noticed a catoblepas
 14700 | Lair:2   | Killed a catoblepas
 14701 | Lair:2   | Reached skill level 5 in Axes
 14771 | Lair:2   | Found a staircase to the Swamp.
 14777 | Lair:2   | Reached *** piety under Kikubaaqudgha
 14777 | Lair:2   | Received a gift from Kikubaaqudgha
 15210 | Lair:3   | Noticed a catoblepas
 15224 | Lair:3   | Killed a catoblepas
 15796 | Lair:3   | Noticed a death yak
 15796 | Lair:3   | Noticed a death yak
 15796 | Lair:3   | Noticed a death yak
 15809 | Lair:3   | Killed a death yak
 15809 | Lair:3   | Killed a death yak
 15813 | Lair:3   | Killed a death yak
 16243 | Lair:4   | You fall into a shaft and drop 1 floor!
 16243 | Lair:5   | Entered Level 5 of the Lair of Beasts
 16268 | Lair:5   | Noticed a death yak
 16269 | Lair:5   | Noticed a death yak
 16271 | Lair:5   | Noticed a death yak
 16273 | Lair:5   | Noticed a death yak
 16277 | Lair:5   | Reached XP level 13. HP: 102/102 MP: 5/28
 16279 | Lair:5   | Reached skill level 10 in Axes
 16323 | Lair:5   | Reached **** piety under Kikubaaqudgha
 16389 | Lair:5   | Found a dark tunnel.
 16407 | Volcano  | Entered a volcano
 16447 | Lair:5   | Slain by a fire elemental

Illustrated notes

Levels and vault maps discovered:
D:1:      dpeg_arrival_more_subterranean_lakeside_camping, layout_loops_ring
D:2:      layout_basic, serial_corexii_hall, corexii_hall_statues_t,
          corexii_hall_statues_l, minmay_goblin_kobold_house
D:3:      layout_loops_corners, grunt_gozag_statues
D:4:      layout_loops_ring, temple_fountains, enter_ossuary_5,
          minmay_distorted, uniq_natasha
D:5:      layout_gridville, kennysheep_flooded_box, kennysheep_nondescript,
          dk_noncrumbling_2, minivault_19, hellmonk_bongcloud_opening
D:6:      minmay_spotlight, layout_rooms, nicolae_hexahallways,
          nicolae_stop_n_shop_1, uniq_duvessa
D:7:      layout_basic
D:8:      layout_loops_corners, serial_bayou_crossing, uniq_joseph, uniq_grum,
          uniq_amaemon
D:9:      layout_irregular_city, minmay_misc_feat_nine_boxes,
          hangedman_glass_teeth, dk_rats_in_the_wall
D:10:     layout_loops_corners
D:11:     layout_loops_corners, david_lair_generic, ebering_ghost_funeral_grove,
          hangedman_glass_garden, minivault_25_ag
Temple:   mainiacjoe_temple_archimedes_tessellation
Lair:1:   layout_hall_layers, grunt_megastairs_2, uniq_urug
Lair:2:   layout_hall_layers, minmay_swamp_entry_reptiles,
          nicolae_snake_entry_warm_welcome
Lair:3:   layout_regular_city, grunt_megastairs_1, serial_bayou_shore_a,
          infiniplex_staircase_pool_2
Lair:4:   layout_cave_pods, slime_entry_1, gammafunk_ghost_grave
Lair:5:   hangedman_lair_in_review, layout_regular_city,
          guppyfry_lair_end_dragon, nicolae_volcano_entry_batcave

Skill      XL: |  1  2  3  4  5  6  7  8  9 10 11 12 13 |
---------------+----------------------------------------+-----
Necromancy     | 5 6 8 10 11 | 11.0
Spellcasting   | 3 4 5 6 11 | 11.4
Earth Magic    | 6 9 |  9.0
Fighting       | 3 8 |  8.0
Axes           | 9 11 | 11.0
Dodging        | |  1.7
Stealth        | |  1.7

Action                     |  1- 3 |  4- 6 |  7- 9 | 10-12 | 13-15 || total
---------------------------+-------+-------+-------+-------+-------++-------
  Melee: Unarmed           |     8 |       |       |       |       ||     8
         Dagger            |    42 |   329 |       |       |       ||   371
         Punch             |     1 |     5 |       |     3 |       ||     9
         Falchion          |       |     8 |    87 |    13 |       ||   108
         Hand axe          |       |       |       |   181 |    35 ||   216
         Scimitar          |       |       |       |    28 |       ||    28
   Cast: Necrotise         |    71 |    83 |    64 |       |       ||   218
         Vampiric Draining |       |     2 |    10 |       |       ||    12
         Animate Dead      |       |       |     8 |    19 |     1 ||    28
         Borgnjor's Vile C |       |       |    15 |    49 |       ||    64
         Agony             |       |       |       |     4 |       ||     4
         Death Channel     |       |       |       |    14 |     2 ||    16
 Invoke: Unearth Wretches  |       |       |     3 |     1 |       ||     4
    Use: Scroll            |       |     5 |     3 |    18 |     3 ||    29
         Potion            |       |       |     1 |    11 |     1 ||    13
   Stab: Sleeping          |     1 |     1 |     1 |       |       ||     3
         Paralysed         |       |     3 |    15 |    16 |       ||    34
         Distracted        |       |       |       |     5 |       ||     5
 Armour: Robe              |    19 |    74 |    66 |    70 |    23 ||   252
         Skin              |       |       |       |    14 |       ||    14
  Dodge: Dodged            |    45 |   166 |    78 |   129 |    15 ||   433
